Map: Neon Violet Square LE

Players

Infamous - Winner!

  • Race: Protoss Protoss
  • League: Gold
  • Spawn Location: 11:00

Whasagoo

  • Race: Protoss Protoss
  • League: Silver
  • Spawn Location: 5:00

VOD

Have the link to the VOD?

Description

Time

  • Played on: April 23, 2018, 11:08 a.m.
  • Length: 8:12
Show
View Real Time Build Order
Export as new Build Order

Infamous Protoss - Winner!

Build Orders:  

Get SALT Encoding   

  12  0:00  Probe  
  13  0:13  Probe  
  14  0:24  Pylon  
  14  0:26  Probe  
  15  0:42  Probe  
  16  0:50  Probe  
  16  0:53  Gateway  
  17  0:57  Assimilator  
  17  1:03  Probe  
  18  1:21  Gateway  
  18  1:22  Probe  
  19  1:29  Pylon  
  19  1:35  Probe  
  20  1:58  Nexus  
  20  2:07  Cybernetics Core  
  20  2:10  Zealot  
  22  2:20  Probe  
  23  2:23  Assimilator  
  23  2:34  Stalker x2  
  23  2:38  Pylon  
  23  2:41  Warp Gate  
  26  2:53  Probe  
  27  3:01  Stalker  
  27  3:09  Pylon  
  29  3:14  Probe x2  
  31  3:21  Stalker  
  31  3:26  Probe  
  32  3:27  Probe  
  35  3:35  Sentry  
  37  3:47  Robotics Facility  
  37  3:49  Probe  
  40  4:03  Probe, Sentry  
  40  4:04  Probe  
  42  4:16  Probe x2  
  44  4:28  Probe, Pylon  
  45  4:47  Probe  
  45  4:48  Probe  
  47  4:54  Gateway, Observer  
  47  4:57  Gateway  
  48  5:05  Probe x2  
  50  5:12  Immortal  
  46  5:16  Adept x2  
  46  5:19  Probe x2  
  56  5:32  Pylon  
  56  5:35  Pylon  
  56  5:36  Pylon, Stalker  
  56  5:37  Stalker  
  56  5:39  Shield Battery  
  56  5:40  Probe x2  
  62  5:54  Sentry x2  
  66  5:58  Assimilator  
  66  6:01  Adept  
  66  6:02  Adept  
  70  6:11  Immortal  
  74  6:20  Assimilator  
  61  7:00  Stalker x3  
  61  7:01  Stalker  
  67  7:02  Immortal  
  71  7:12  Probe  
  71  7:13  Probe  
  73  7:39  Observer  
  73  7:40  Probe x2  
  76  7:52  Probe x2  
  76  7:58  Stargate  
  78  8:01  Stargate  
Show
View Real Time Build Order
Export as new Build Order

Whasagoo Protoss 

Build Orders:  

Get SALT Encoding   

  1  0:00  Probe  
  13  0:07  Probe  
  14  0:16  Probe  
  15  0:24  Pylon  
  15  0:32  Assimilator  
  15  0:40  Assimilator  
  15  0:42  Probe  
  16  0:54  Gateway  
  16  0:58  Probe  
  17  1:06  Pylon  
  17  1:09  Probe  
  18  1:17  Probe  
  19  1:25  Probe  
  19  1:27  Pylon  
  20  1:37  Probe  
  21  1:41  Zealot  
  23  2:05  Cybernetics Core  
  23  2:11  Zealot  
  25  2:20  Probe  
  26  2:29  Gateway  
  26  2:32  Probe  
  26  2:33  Pylon  
  26  2:36  Gateway  
  27  2:41  Warp Gate  
  27  2:44  Probe  
  28  3:01  Robotics Facility  
  28  3:13  Gateway  
  28  3:21  Stalker  
  28  3:22  Stalker  
  32  3:29  Stalker  
  34  3:51  Warp Prism  
  34  3:54  Pylon  
  36  4:27  Observer  
  33  4:48  Observer  
  34  4:55  Stalker  
  36  5:03  Stalker  
  36  5:04  Stalker  
  36  5:49  Stalker  
  38  5:50  Stalker  
  38  5:51  Stalker  
  38  5:52  Stalker  
  44  6:10  Twilight Council  
  44  6:19  Immortal  
  48  6:27  Nexus  
  48  6:37  Stalker x2  
  48  6:39  Stalker  
  52  6:55  Pylon  
  52  6:58  Warp Prism  
  40  7:15  Pylon  
  40  7:31  Stargate  
  40  7:36  Nexus  
  40  7:37  Pylon  
  40  7:51  Stargate  
Tags
 
Add a new tag
Caveats
  • Supply blocks, unpowered buildings, or Contaminate may cause inaccurate times.
  • Supply counts are checked every 10 seconds.